AoeStats
← Doak

Fortress

509977106Analyzed
3v3 RM · 3d ago on Sep 28, 2026· 35m 59s· 6 players
Game mode
Random Map
Map size
Large (8 player)
Population
200
Speed
Normal
Resources
Standard
Victory
Conquest
Starting age
Dark Age
Ending age
Imperial Age
RankedLock teamsTeams togetherTeam positionsShared explorationLock speedFull tech treeHidden civsTurbo modeCheats
Victory
Defeat
🇩🇪 Persians · Germany
1458
+15
🇵🇪 Burgundians · Peru
1405
+17
🇪🇸 Turks · Spain
1398
+19
🇺🇸 Bohemians · United States
1456
-18
🇬🇧 Turks · United Kingdom
1445
-17
🇺🇸 Persians · United States
1412
-16
pepe_del_pardo
9:13 Feudal Age
13:11 Castle Age
10:53 Horse Collar
11:28 Double-Bit Axe
12:08 Gold Mining
17:35 Imperial Age
21:40 Loom
23:24 Wheelbarrow
23:20 Padded Archer Armor
28:43 Bow Saw
31:43 Leather Archer Armor
32:49 Heavy Plow
36:27 Gold Shaft Mining
BRAHN
5:09 Double-Bit Axe
8:03 Feudal Age
6:32 Horse Collar
12:43 Castle Age
11:24 Bow Saw
11:49 Heavy Plow
12:33 Scale Barding Armor
12:54 Gold Mining
14:07 Husbandry
19:24 Wheelbarrow
20:04 Forging
22:01 Loom
23:23 Gold Shaft Mining
24:29 Two-Man Saw
24:08 Chain Barding Armor
24:57 Iron Casting
26:26 Burgundian Vineyards
32:29 Imperial Age
31:19 Crop Rotation
30:58 Pikeman
31:38 Squires
32:18 Padded Archer Armor
34:15 Chemistry
33:07 Halberdier
33:48 Scale Mail Armor
34:04 Leather Archer Armor
Osayi.
8:21 Feudal Age
10:06 Double-Bit Axe
10:02 Horse Collar
13:07 Castle Age
13:52 Bow Saw
13:47 Heavy Plow
17:43 Wheelbarrow
17:39 Loom
22:46 Hand Cart
22:28 Gold Mining
22:54 Town Watch
24:31 Gold Shaft Mining
23:47 Stone Mining
27:58 Imperial Age
26:33 Scale Barding Armor
26:39 Forging
27:32 Husbandry
27:42 Bloodlines
27:57 Chain Barding Armor
27:48 Forging
28:34 Forging
29:25 Plate Barding Armor
29:15 Elite War Elephant
30:35 Iron Casting
32:18 Blast Furnace
31:08 Fletching
32:02 Masonry
31:50 Bodkin Arrow
34:52 Light Cavalry
36:02 Devotion
some.spiced.ham
7:20 Feudal Age
11:21 Castle Age
9:15 Double-Bit Axe
9:41 Gold Mining
9:41 Horse Collar
11:01 Forging
16:22 Scale Barding Armor
18:23 Iron Casting
18:42 Bloodlines
21:33 Wheelbarrow
23:35 Gold Shaft Mining
23:13 Husbandry
23:45 Bow Saw
28:25 Chain Barding Armor
31:02 Hand Cart
30:34 Loom
31:10 Heavy Plow
Doak
7:56 Feudal Age
9:11 Double-Bit Axe
11:57 Castle Age
10:00 Horse Collar
11:32 Gold Mining
13:05 Bow Saw
13:55 Bow Saw
15:42 Loom
23:20 Padded Archer Armor
26:57 Leather Archer Armor
26:36 Fletching
28:21 Wheelbarrow
30:16 Bodkin Arrow
30:52 Heavy Plow
35:40 Imperial Age
el_Feist
6:56 Feudal Age
11:11 Castle Age
10:25 Horse Collar
10:31 Double-Bit Axe
12:12 Bow Saw
12:50 Fervor
16:58 Wheelbarrow
21:53 Imperial Age
20:27 Hand Cart
19:57 Loom
20:11 Loom
21:35 Scale Mail Armor
20:57 Pikeman
22:53 Chemistry
23:16 Chain Mail Armor
24:27 Squires
25:48 Plate Mail Armor
26:00 Forging
27:40 Halberdier
Connection lost

Rejoining the realm…

Still unreachable

The connection could not be restored.

Session expired

The server has moved on; the page needs a fresh start.